 Seeded DCSS version 0.28-a0-1184-g53156a8862 (webtiles) character file.

Game seed: 12130800008223909736 (custom seed)

6598 croobank the Chopper (level 11, -1/62 HPs)
             Began as a Gargoyle Earth Elementalist on Dec 17, 2021.
             Was a Believer of Vehumet.
             Slain by a komodo dragon (17 damage)
             ... on level 10 of the Dungeon on Dec 18, 2021.
             The game lasted 01:02:30 (8584 turns).

croobank the Chopper (Gargoyle Earth Elementalist)  Turns: 8584, Time: 01:02:31

Health: -1/62      AC: 19    Str: 16    XL:     11   Next: 2%
Magic:  18/18      EV: 12    Int: 16    God:    Vehumet [**....]
Gold:   1367       SH:  0    Dex:  8    Spells: 14/19 levels left

rFire   + . .      SeeInvis .   a - +8 war axe of Uxzaprie {spect, rPois rN++ Dex-2}
rCold   x . .      Faith    .   (no shield)
rNeg    + + +      Spirit   .   R - +3 acid dragon scales
rPois   ∞          Reflect  .   (no helmet)
rElec   +          Harm     .   u - +0 cloak
rCorr   +          Rampage  .   (no gloves)
Will    +....                   (no boots)
Stlth   ++........              d - amulet of regeneration
HPRegen 1.00/turn               i - ring of fire
MPRegen 0.16/turn               J - ring of willpower

@: about to teleport
A: sickness immunity, AC +8, negative energy resistance 1, electricity
resistance, torment resistance 1, petrification resistance
a: Renounce Religion


You were on level 10 of the Dungeon.
You worshipped Vehumet.
Vehumet was pleased with you.
You visited 2 branches of the dungeon, and saw 11 of its levels.

You collected 2485 gold pieces.
You spent 1118 gold pieces at shops.

Inventory:

Hand Weapons
 a - the +8 war axe of Uxzaprie (weapon) {spect, rPois rN++ Dex-2}
   (You bought it in a shop on level 6 of the Dungeon)

   When its wielder attacks, the weapon's spirit leaps out and strikes again.
   The spirit shares a part of any damage it takes with its wielder.
   Dex:       It affects your dexterity (-2).
   rPois:     It protects you from poison.
   rN:        It greatly protects you from negative energy.
 b - a +0 vorpal hunting sling
 H - a +5 short sword
 Q - a +3 long sword of flaming
Missiles
 c - 56 stones
 e - 2 atropa-tipped darts
 h - 164 arrows
 j - 10 poisoned darts
 o - 25 sling bullets
 x - 4 curare-tipped darts (quivered)
 B - 2 boomerangs
Armour
 p - a +0 leather armour
 s - a +0 scale mail
 u - a +0 cloak (worn)
 R - +3 acid dragon scales (worn)
Magical Staves
 y - a staff of conjuration
 C - a staff of cold
Jewellery
 d - an amulet of regeneration (around neck)
 i - a ring of fire (left hand)
 q - an amulet of faith
 J - a ring of willpower (right hand)
Wands
 l - a wand of mindburst (7)
 m - a wand of polymorph (9)
 A - a wand of iceblast (11)
 M - a wand of paralysis (8)
Scrolls
 f - 9 scrolls of identify {identify}
 k - 2 scrolls of acquirement
 r - 3 scrolls of immolation {immolation, unknown}
 t - 2 scrolls of teleportation {teleport}
 v - 2 scrolls of noise
 z - 2 scrolls of fog {fog, unknown}
 E - 3 scrolls of holy word {holy word, unknown}
 I - 3 scrolls of amnesia {amnesia, unknown}
 P - a scroll of silence {silence, unknown}
Potions
 g - 2 potions of flight {flight, unknown}
 n - a potion of berserk rage {berzerk rage, unknown}
 D - a potion of attraction {attraction, unknown}
 G - 3 potions of mutation {mutation, unknown}
 K - a potion of brilliance {brilliance, unknown}
 L - 2 potions of curing {curing, unknown}
 N - a potion of experience {unknown}
 O - a potion of might {might, unknown}
 S - a potion of magic {magic, unknown}


   Skills:
 - Level 4.8 Fighting
 + Level 4.5 Long Blades
 - Level 7.1 Axes
 - Level 1.8(2.0) Slings
 - Level 0.8(1.4) Throwing
 - Level 4.7 Armour
 - Level 4.5 Dodging
 - Level 4.9 Stealth
 - Level 1.2 Unarmed Combat
 - Level 4.8 Spellcasting
 - Level 5.2 Transmutations
 - Level 6.8 Earth Magic


You had 14 spell levels left.
You knew the following spells:

 Your Spells              Type           Power      Damage    Failure   Level
a - Sandblast             Erth           50%        2d12      1%          1
b - Petrify               Tmut/Erth      23%        N/A       17%         4

Your spell library contained the following spells:

 Spells                   Type           Power      Damage    Failure   Level
 Mephitic Cloud           Conj/Pois/Air  3%         N/A       52%         3
 Passwall                 Tmut/Erth      19%        N/A       2%          2
 Stone Arrow              Conj/Erth      28%        3d8       16%         3
 Animate Skeleton         Necr           6%         N/A       21%         1
 Apportation              Tloc           6%         N/A       21%         1
 Summon Small Mammal      Summ           12%        N/A       21%         1
 Corpse Rot               Necr/Air       6%         N/A       30%         2
 Poisonous Vapours        Pois/Air       6%         N/A       30%         2
 Alistair's Intoxication  Tmut/Pois      8%         N/A       88%         5
 Fireball                 Conj/Fire      2%         3d4       99%         5
 Iskenderun's Battlesphe  Conj           3%         2d6       99%         5
 Conjure Ball Lightning   Conj/Air       1%         3x3d6     100%        6
 Orb of Destruction       Conj           1%         N/A       100%        7


Dungeon Overview and Level Annotations

Branches:
Dungeon (10/15)            Temple (1/1) D:4
   Lair: D:8-11         Orc: D:9-12

Altars:
Ashenzari
Cheibriados
Dithmenos
Elyvilon
Fedhas
Gozag
Hepliaklqana
Kikubaaqudgha
Makhleb
Nemelex Xobeh
Okawaru
Qazlal
Ru
Sif Muna
Trog
Uskayaw
Vehumet
Wu Jian
Xom
Zin
The Shining One

Shops:
D:6 =*[(   D:7 **(   D:9 *


Innate Abilities, Weirdness & Mutations

You are immune to sickness and miasma.
Your stone body is resilient. (AC +8)
You are immune to poison.
You resist negative energy. (rN+)
You are resistant to electric shocks. (rElec)
You are resistant to unholy torment.
You are immune to petrification.


Message History

You finish putting on your +0 cloak.
G - 3 green potions {mutation} (gained 1)
There is a stone staircase leading up here.
Items here: ))))))) [[[.
Okay, then.
Done exploring.
(D) Dungeon (T) Temple
Where to? (Enter - D:9, ? - help)
There is a stone staircase leading down here.
You climb downwards.
Found a wand of iceblast (4) and 13 gold pieces.
There is a stone staircase leading up here.
You now have 1367 gold pieces (gained 13).
A - a wand of iceblast (11) (gained 4 charges)
Found a fustibalus.
A komodo dragon comes into view.
The komodo dragon hisses angrily.
You hear an angry growl.
A yak comes into view.
A bullfrog comes into view.
A black bear comes into view.
The yak gores the fungus.
The fungus begins to die.
Something gores the fungus!
The fungus begins to die.
The yak gores the fungus.
You completely miss the komodo dragon. The komodo dragon bites you!
The komodo dragon closely misses you.
You hit the komodo dragon but do no damage.
The komodo dragon bites you!!
You closely miss the komodo dragon.
The komodo dragon bites you but does no damage.
You slash the komodo dragon!
The komodo dragon is moderately wounded.
The komodo dragon bites you!
* * * LOW HITPOINT WARNING * * *
Okay, then.
Okay, then.
Okay, then.
Okay, then.
As you read the scroll labelled CYWUMI QA MERE {teleport}, it crumbles to dust.
You feel strangely unstable.
It was a scroll of teleportation {teleport}.
The komodo dragon bites you!
You die...
PPP.PP....P.. .YP.PP..PP.. ..PP.PhP..P

P.P..P..
.P.P..#
#..#.#
######...#
#.@lh....#
#.######.#
#.
+.########
#.
#.......).
+.
#..#######
.. #.##
#.######..#
#.........#
..######.#


You could see a komodo dragon and a black bear.

Vanquished Creatures
  Pikel (D:8)
  Maggie (D:7)
  A troll (D:8)
  Sigmund (D:5)
  16 yaks
  Eustachio (D:6)
  4 steam dragons
  Pargi (D:3)
  An ice beast (D:7)
  An orc warrior (D:9)
  4 sky beasts
  2 black bears
  A necrophage (D:6)
  2 centaurs
  2 lemures (D:8)
  2 bullfrogs
  A wyvern zombie (D:8)
  A gnoll sergeant (D:7)
  3 wights (D:7)
  A howler monkey (D:9)
  2 jellies (D:6)
  4 hounds
  A bullfrog skeleton (D:6)
  5 orc priests
  3 gnoll shamans
  Jessica (D:3)
  An iguana (D:6)
  4 orc wizards
  A hound zombie (D:5)
  A howler monkey zombie (D:9)
  A howler monkey skeleton (D:7)
  28 gnolls
  4 adders
  A shadow imp (D:5)
  A white imp (D:6)
  An ufetubus (D:5)
  An adder zombie (D:5)
  2 worms
  4 dart slugs
  15 orcs
  3 endoplasms (D:1)
  2 giant cockroaches
  4 goblins
  5 hobgoblins
  3 quokkas
  2 ball pythons (D:2)
  3 bats
  2 frilled lizards
  4 kobolds
  3 rats
159 creatures vanquished.

Vanquished Creatures (others)
  15 fungi (D:10)
  20 plants
35 creatures vanquished.

Grand Total: 194 creatures vanquished

Notes
Turn   | Place    | Note
-------+----------+-------------------------------------------
     0 | D:1      | croobank the Gargoyle Earth Elementalist began the quest
                  | for the Orb.
     0 | D:1      | Reached XP level 1. HP: 10/10 MP: 3/3
   646 | D:1      | Reached XP level 2. HP: 15/15 MP: 3/5
  1425 | D:2      | Reached skill level 1 in Unarmed Combat
  1425 | D:2      | Reached XP level 3. HP: 18/19 MP: 6/6
  2694 | D:3      | Noticed Jessica
  2696 | D:3      | Killed Jessica
  2697 | D:3      | Reached XP level 4. HP: 24/24 MP: 5/7
  3108 | D:3      | Noticed Pargi
  3127 | D:3      | Killed Pargi
  3128 | D:3      | Reached skill level 1 in Slings
  3128 | D:3      | Reached skill level 1 in Armour
  3128 | D:3      | Reached skill level 5 in Earth Magic
  3128 | D:3      | Reached XP level 5. HP: 22/28 MP: 2/9
  3687 | D:4      | Found a staircase to the Ecumenical Temple.
  3712 | D:4      | Noticed a black bear
  3717 | D:4      | Killed a black bear
  3718 | D:4      | Reached skill level 1 in Fighting
  3718 | D:4      | Reached XP level 6. HP: 34/34 MP: 10/10
  3764 | D:4      | HP: 1/34 [gnoll (8)]
  3786 | Temple   | Entered the Ecumenical Temple
  3847 | Temple   | Became a worshipper of Vehumet
  3989 | D:4      | Learned a level 4 spell: Petrify
  4263 | D:4      | Found a white marble altar of Elyvilon.
  4532 | D:5      | Entered Level 5 of the Dungeon
  4560 | D:5      | Reached skill level 1 in Transmutations
  4625 | D:5      | Noticed a sky beast
  4644 | D:5      | Killed a sky beast
  4645 | D:5      | Reached skill level 1 in Axes
  4719 | D:5      | Reached XP level 7. HP: 28/38 MP: 12/12
  4815 | D:6      | Noticed Eustachio
  4815 | D:6      | Found Wetiomp's General Store.
  5045 | D:5      | Noticed Sigmund
  5065 | D:5      | Killed Sigmund
  5655 | D:6      | Found Ygyota's Weapon Shop.
  5663 | D:6      | Identified 4 scrolls of acquirement
  5663 | D:6      | Acquired 750 gold pieces
  5665 | D:6      | Bought the +8 war axe of Uxzaprie {spect, rPois rN++ Dex-2}
                  | for 993 gold pieces
  5686 | D:6      | Found Hicsephi's Antique Armour Boutique.
  5791 | D:6      | Reached skill level 2 in Axes
  5791 | D:6      | Reached XP level 8. HP: 36/45 MP: 13/13
  5792 | D:6      | Reached * piety under Vehumet
  5792 | D:6      | Offered knowledge of Magic Dart by Vehumet.
  6047 | D:6      | Reached skill level 3 in Axes
  6104 | D:6      | Found Leclugu's Jewellery Shop.
  6268 | D:6      | Killed Eustachio
  6324 | D:7      | HP: 1/45 [steam dragon (2)]
  6640 | D:7      | Reached XP level 9. HP: 50/50 MP: 15/15
  6690 | D:7      | Reached skill level 4 in Axes
  6727 | D:7      | Found Mijiuple's Assorted Antiques.
  6755 | D:7      | Bought a blackened diamond ring for 125 gold pieces
  6873 | D:7      | Found Hobu's Weapon Emporium.
  6921 | D:7      | Found Sostroc's General Store.
  7016 | D:7      | Noticed Maggie
  7025 | D:7      | Killed Maggie
  7025 | D:7      | Reached ** piety under Vehumet
  7203 | D:7      | Offered knowledge of Scorch by Vehumet.
  7285 | D:8      | Reached skill level 5 in Axes
  7339 | D:8      | Noticed a troll
  7350 | D:8      | Killed a troll
  7355 | D:8      | Reached XP level 10. HP: 22/57 MP: 16/16
  7533 | D:8      | Found a shimmering blue altar of Sif Muna.
  7566 | D:8      | Noticed Pikel
  7575 | D:8      | Killed Pikel
  7576 | D:8      | Reached skill level 6 in Axes
  7622 | D:8      | Reached skill level 5 in Transmutations
  7685 | D:8      | Found a sacrificial altar of Ru.
  7719 | D:8      | Reached skill level 7 in Axes
  7995 | D:9      | Found Yqudeimu's Neck Hole.
  7999 | D:9      | Acquired 1178 gold pieces
  8108 | D:9      | Reached skill level 1 in Long Blades
  8289 | D:9      | Offered knowledge of Mephitic Cloud by Vehumet.
  8293 | D:9      | Reached XP level 11. HP: 59/62 MP: 18/18
  8550 | D:10     | Entered Level 10 of the Dungeon
  8584 | D:10     | Slain by a komodo dragon

Illustrated notes

Levels and vault maps discovered:
D:1:      minmay_arrival_checkered_box, layout_basic, minmay_pentomino_q2
D:2:      layout_loops_cross
D:3:      layout_loops_corners, serial_bayou, serial_bayou_pond_c,
          serial_bayou_lagoon_b, serial_bayou_pond_c, serial_bayou_pond_e,
          uniq_pargi, uniq_jessica
D:4:      layout_basic, marbit_many_paths, minmay_temple_entry_enclosed_plants,
          hex_intersection
D:5:      layout_rooms, uniq_sigmund
D:6:      layout_rooms, serial_shops, shop, nicolae_diamond_shop,
          nicolae_shop_advertising_works [nicolae_subvault_shop_adworks], shop,
          chequers_serial_rivers_micro_a, uniq_eustachio
D:7:      layout_cave_pools, serial_gnoll_camp, gnoll_camp_mini_shop,
          gnoll_camp_mini_loothouse, gnoll_camp_mini_sergeant,
          gnoll_camp_mini_shop, serial_shops, kennysheep_little_box, uniq_maggie
D:8:      layout_basic, lemuel_round_altar, mainiacjoe_overflow_catwalk,
          uniq_pikel
D:9:      layout_cave_pools, nicolae_shop_sticking_my_neck_out
D:10:     layout_roguey, general_overflow_altar, due_lair_maze_entry_diamond,
          uniq_joseph
Temple:   mainiacjoe_temple_coin_purse

Skill      XL: |  1  2  3  4  5  6  7  8  9 10 |
---------------+-------------------------------+-----
Earth Magic    | 4 5 6 |  6.8
Unarmed Combat | 1 |  1.2
Slings         | 1 |  1.8
Armour         | 1 2 3 4 |  4.7
Spellcasting   | 3 4 |  4.8
Fighting       | 1 2 3 4 |  4.8
Transmutations | 1 2 3 4 5 |  5.2
Axes           | 1 2 3 5 7 |  7.1
Dodging        | 2 3 4 |  4.5
Stealth        | 3 4 |  4.9
Long Blades    | 4 |  4.5
Throwing       | |  0.8

Action                   |  1- 3 |  4- 6 |  7- 9 | 10-12 || total
-------------------------+-------+-------+-------+-------++-------
Melee: Unarmed           |    33 |       |       |       ||    33
       Hand axe          |    27 |    65 |    19 |       ||   111
       War axe           |       |       |   105 |    81 ||   186
       Punch             |       |       |       |     1 ||     1
 Fire: Hunting sling     |     9 |     8 |       |       ||    17
Throw: Dart              |       |     7 |     4 |       ||    11
 Cast: Sandblast         |    35 |    20 |    26 |     2 ||    83
Evoke: Wand              |       |       |     1 |     1 ||     2
  Use: Scroll            |       |     1 |     3 |     7 ||    11
       Potion            |       |     1 |       |       ||     1
 Stab: Sleeping          |     4 |       |     2 |       ||     6
       Paralysed         |       |       |     2 |       ||     2
       Distracted        |       |       |     1 |       ||     1
Armor: Robe              |    16 |       |       |       ||    16
       Leather armour    |     6 |    35 |    55 |     2 ||    98
       Acid dragon scale |       |       |       |    32 ||    32
Dodge: Dodged            |    48 |    52 |   104 |    45 ||   249

Table legend: (Time is in decaauts)
 A = Elapsed time spent in this place.
 B = Non-inter-level travel time spent in this place.
 C = Inter-level travel time spent in this place.
 D = Time resting spent in this place.
 E = Time spent auto-exploring this place.
 F = Levels seen in this place.
 G = Mean time per level.
                   A        B        C        D        E       F      G
               +--------+--------+--------+--------+--------+-----+--------+
         Total |   8684 |   8419 |    265 |   1372 |   5010 |  11 |  789.5 |
       Dungeon |   8507 |   8258 |    249 |   1372 |   4870 |  10 |  850.7 |
        Temple |    177 |    161 |     16 |      0 |    140 |   1 |  177.0 |
               +--------+--------+--------+--------+--------+-----+--------+

Top non-repeatable levels by time:
     D:1: 1458 daAuts
     D:3: 1161 daAuts
     D:2: 1031 daAuts
     D:5: 971 daAuts
     D:6: 938 daAuts
     D:4: 909 daAuts
     D:7: 738 daAuts
     D:8: 706 daAuts
     D:9: 557 daAuts
  Temple: 177 daAuts
    D:10: 34 daAuts
